 Dungeon Crawl Stone Soup version 0.28.0-53-g5a82cb258f (webtiles) character file.

Game seed: 10137621527660408737

116 jiml777 the Digger (level 5, -2/28 HPs)
             Began as a Gargoyle Earth Elementalist on June 8, 2022.
             Slain by an ogre
             ... wielding a +0 giant club
              (30 damage)
             ... on level 3 of the Dungeon.
             The game lasted 00:14:44 (3220 turns).

jiml777 the Digger (Gargoyle Earth Elementalist)    Turns: 3220, Time: 00:14:47

Health: -2/28      AC:  7    Str: 11    XL:     5   Next: 0%
Magic:  16/18      EV: 11    Int: 18    God:
Gold:   137        SH:  0    Dex: 10    Spells: 7/9 levels left

rFire   . . .      SeeInvis .   t - +8 short sword of Obsession {elec, Will++}
rCold   . . .      Faith    .   (no shield)
rNeg    + . .      Spirit   .   i - +0 leather armour {Will+}
rPois   ∞          Reflect  .   (no helmet)
rElec   +          Harm     .   (no cloak)
rCorr   .          Rampage  .   (no gloves)
Will    +++..                   (no boots)
Stlth   ++........              (no amulet)
HPRegen 0.09/turn               k - ring of magical power
MPRegen 0.16/turn               (no ring)

@: no status effects
A: sickness immunity, AC +4, negative energy resistance 1, electricity
resistance, torment resistance 1, petrification resistance
a: no special abilities


You were on level 3 of the Dungeon.
You visited 1 branch of the dungeon, and saw 3 of its levels.

You collected 137 gold pieces.

Inventory:

Hand Weapons
 e - a +0 short sword
 o - a +0 whip of freezing
 p - a +0 vorpal war axe
 t - the +8 short sword of Obsession (weapon) {elec, Will++}
   (You took it off a kobold on level 3 of the Dungeon)

   It occasionally discharges a powerful burst of electricity upon striking a
   foe.
   Will:      It greatly increases your willpower.
Missiles
 c - 47 stones
 h - 27 bolts
Armour
 i - a +0 leather armour of willpower (worn)
Jewellery
 k - a ring of magical power (left hand)
Scrolls
 b - 2 scrolls of noise
 d - a scroll of summoning {unknown}
 f - a scroll of holy word {unknown}
 j - 3 scrolls of blinking
 l - a scroll of acquirement {unknown}
 n - 2 scrolls of teleportation
 r - a scroll of enchant armour {unknown}
 s - 2 scrolls of fear {unknown}
Potions
 a - a potion of ambrosia
 g - a potion of haste
 m - a potion of flight {unknown}
 q - a potion of curing {unknown}


   Skills:
 + Level 0.3 Short Blades
 + Level 0.1 Axes
 + Level 1.3 Armour
 + Level 1.8 Dodging
 + Level 2.2 Stealth
 + Level 2.9 Spellcasting
 * Level 1.3 Translocations
 + Level 0.7 Transmutations
 + Level 4.8 Earth Magic


You had 7 spell levels left.
You knew the following spells:

 Your Spells              Type           Power      Damage    Failure   Level
a - Sandblast             Erth           38%        2d10      3%          1
b - Apportation           Tloc           14%        N/A       12%         1

Your spell library contained the following spells:

 Spells                   Type           Power      Damage    Failure   Level
 Passwall                 Tmut/Erth      10%        N/A       11%         2
 Blink                    Tloc           14%        N/A       19%         2
 Stone Arrow              Conj/Erth      22%        3d8       24%         3
 Lesser Beckoning         Tloc           7%         N/A       36%         3
 Petrify                  Tmut/Erth      12%        N/A       56%         4
 Manifold Assault         Tloc           7%         N/A       98%         5
 Alistair's Intoxication  Tmut/Pois      2%         N/A       99%         5


Dungeon Overview and Level Annotations

Branches:
Dungeon (3/15)

Altars:


Innate Abilities, Weirdness & Mutations

You are immune to sickness and miasma.
Your stone body is resilient. (AC +4)
You are immune to poison.
You resist negative energy. (rN+)
You are resistant to electric shocks. (rElec)
You are resistant to unholy torment.
You are immune to petrification.


Message History

You hit the ball python.
Lightning courses through the ball python!
You kill the ball python!
You have reached level 5!
You start resting.
HP restored.
There is an open door here.
j - 3 scrolls of blinking (gained 1)
A bat comes into view.
The bat closely misses you.
You barely miss the bat. The bat closely misses you. The bat hits you.
The bat hits you but does no damage.
You hit the bat but do no damage. The bat hits you but does no damage.
The bat closely misses you.
You hit the bat.
You kill the bat!
You start resting.
HP restored.
You start waiting.
Done waiting.
There is an open door here.
Found a stone staircase leading up.
An ogre comes into view. It is wielding a +0 giant club.
Casting: Sandblast (safe; 3% risk of failure)
Confirm with . or Enter, or press ? or * to list all spells.
Aiming: Sandblast (safe; 3% risk of failure)
Press: ? - help, Shift-Dir - straight line, f - ogre
Aim: an ogre, wielding a +0 giant club (90% to hit)
The blast of sand hits the ogre!
The ogre is moderately wounded.
Casting: Sandblast (safe; 3% risk of failure)
Confirm with . or Enter, or press ? or * to list all spells.
Aiming: Sandblast (safe; 3% risk of failure)
Press: ? - help, Shift-Dir - straight line, f/p - ogre
Aim: an ogre, wielding a +0 giant club (moderately wounded, 90% to hit)
The blast of sand hits the ogre!
The ogre is almost dead.
The ogre hits you with a +0 giant club!!
Ouch! That really hurt!
You die...

########
#......#
####.####.#
......O@#.#####
####.##.......#
###.###.#
#.####.###.#
#..........#
#######.####
######### #.#
#.......###.####
#......<.......#


You could see an ogre.

Vanquished Creatures
  2 adders (D:3)
  3 gnolls (D:2)
  An adder zombie (D:3)
  3 dart slugs
  An orc (D:3)
  6 ball pythons
  9 bats
  4 endoplasms
  A giant cockroach (D:3)
  4 goblins
  3 hobgoblins
  4 jackals (D:2)
  7 kobolds
  3 quokkas
  A frilled lizard (D:3)
  4 rats (D:1)
56 creatures vanquished.

Notes
Turn   | Place    | Note
-------+----------+-------------------------------------------
     0 | D:1      | jiml777 the Gargoyle Earth Elementalist began the quest for
                  | the Orb.
     0 | D:1      | Reached XP level 1. HP: 10/10 MP: 3/3
   100 | D:1      | Found a faded altar of an unknown god.
   115 | D:1      | Learned a level 1 spell: Apportation
   270 | D:1      | Reached skill level 4 in Earth Magic
   272 | D:1      | Reached XP level 2. HP: 15/15 MP: 1/5
  1154 | D:2      | Reached XP level 3. HP: 19/19 MP: 4/6
  1480 | D:2      | Reached skill level 1 in Translocations
  1489 | D:2      | Reached XP level 4. HP: 15/24 MP: 7/7
  1721 | D:2      | Reached skill level 1 in Armour
  2743 | D:3      | Identified the +8 short sword of Obsession {elec, Will++}
  2952 | D:3      | Reached XP level 5. HP: 26/28 MP: 9/9
  3211 | D:3      | Noticed an ogre
  3220 | D:3      | Slain by an ogre

Illustrated notes

Levels and vault maps discovered:
D:1:      onia_arrival_mini_maze, layout_loops_ring,
          ebering_ecumenical_altar_abandoned
D:2:      layout_basic
D:3:      layout_loops_cross, grunt_ministairs_2,
          hangedman_decor_diamond_cutter, solitary_fountain, nrook_uturn,
          corexii_leaking_fountain

Skill      XL: |  1  2  3  4 |
---------------+-------------+-----
Earth Magic    | 4 |  4.8
Translocations | 1 |  1.3
Armour         | 1 |  1.3
Short Blades   | |  0.3
Axes           | |  0.1
Dodging        | |  1.8
Stealth        | |  2.2
Spellcasting   | |  2.9
Transmutations | |  0.7

Action                   |  1- 3 |  4- 6 || total
-------------------------+-------+-------++-------
Melee: Short sword       |    16 |     6 ||    22
       Whip              |       |    14 ||    14
       War axe           |       |    14 ||    14
 Cast: Sandblast         |    40 |    28 ||    68
  Use: Scroll            |       |     6 ||     6
Armor: Leather armour    |     9 |    18 ||    27
Dodge: Dodged            |    12 |    35 ||    47
